 Dungeon Crawl Stone Soup version 0.21.1-1-g345015f (webtiles) character file.

118 Fang the Skirmisher (level 5, -3/33 HPs)
             Began as a Gargoyle Berserker on May 6, 2018.
             Was a Believer of Trog.
             Killed from afar by an orc wizard (5 damage)
             ... with a magic dart
             ... on level 3 of the Dungeon.
             The game lasted 00:01:36 (1992 turns).

Fang the Skirmisher (Gargoyle Berserker)            Turns: 1992, Time: 00:01:36

Health: -3/33      AC:  6    Str: 22    XL:     5   Next: 2%
Magic:  5/5        EV: 12    Int:  7    God:    Trog [**....]
Gold:   117        SH:  0    Dex:  9    Spells: 4/4 levels left

rFire    . . .     SeeInvis .   a - +0 hand axe
rCold    . . .     Gourm    .   (no shield)
rNeg     + . .     Faith    .   b - +0 animal skin
rPois    ∞         Spirit   .   (no helmet)
rElec    +         Reflect  .   (no cloak)
rCorr    .         Harm     .   (no gloves)
MR       .....                  (no boots)
Stlth    +.........             i - amulet of magic regeneration
HPRegen  0.11/turn              (no ring)
MPRegen  0.34/turn              (no ring)

@: berserk cooldown, slowed, very slow
A: negative energy resistance 1, electricity resistance, unbreathing,
petrification resistance, rot immunity, AC +4
a: Berserk, Trog's Hand, Burn Spellbooks, Renounce Religion


You were on level 3 of the Dungeon.
You worshipped Trog.
Trog was pleased with you.
You were near starving.

You visited 1 branch of the dungeon, and saw 3 of its levels.

You collected 117 gold pieces.

Inventory:

Hand Weapons
 a - a +0 hand axe (weapon)
Armour
 b - a +0 animal skin (worn)
Jewellery
 i - an amulet of magic regeneration (around neck)
Scrolls
 e - a scroll of noise {unknown}
 h - 2 scrolls of remove curse {unknown}
 k - a scroll of identify {unknown}
Potions
 d - a potion of curing {unknown}
 f - a potion of resistance {unknown}
 g - a potion of haste {unknown}
 j - a potion of ambrosia {unknown}
Comestibles
 c - 5 rations


   Skills:
 + Level 4.2 Fighting
 + Level 3.9 Axes
 + Level 2.4 Armour
 + Level 2.3 Dodging
 + Level 0.1 Stealth


You had 4 spell levels left.
You didn't know any spells.

Dungeon Overview and Level Annotations

Branches:
Dungeon (3/15)

Altars:
Zin


Innate Abilities, Weirdness & Mutations

You are resistant to torment.
Your stone body is resilient. (AC +4)
You are immune to poison.
You resist negative energy. (rN+)
You are resistant to electric shocks. (rElec)
You can survive without breathing.
You are immune to petrification.
You are immune to rotting.


Message History

You're too confused to move!
The orc wizard closely misses you. Something hits you but does no damage.
The orc wizard hits you with a dagger.
* * * LOW HITPOINT WARNING * * *
You're too confused to move!
You feel a strong urge to attack something.
Something hits you but does no damage. The orc wizard closely misses you.
You're too confused to move!
You are no longer berserk.
You are exhausted.
You feel yourself slow down. The orc wizard closely misses you.
Something hits you but does no damage.
Unknown command.
You miss the orc wizard.
The orc wizard is severely wounded.
You closely miss something.
You feel less confused. The orc wizard barely misses you.
Something hits you but does no damage. The orc wizard casts a spell at you.
The magic dart hits you!
You die...

#...# . #...# #...#
#..## #..# #..#
#..########
#.##########..........
#..lo{@o.....#########
##############


You could see an orc wizard, an orc and a frilled lizard.

Vanquished Creatures
  An orc priest (D:3)
  3 gnolls (D:2)
  An adder (D:2)
  A dart slug (D:1)
  3 leopard geckos
  4 orcs
  7 bats
  6 giant cockroaches
  2 goblins
  6 hobgoblins
  A ball python (D:1)
  3 frilled lizards
  3 kobolds
  2 rats
43 creatures vanquished.

Notes
Turn   | Place    | Note
-------+----------+-------------------------------------------
     0 | D:1      | Fang the Gargoyle Berserker began the quest for the Orb.
     0 | D:1      | Reached XP level 1. HP: 14/14 MP: 1/1
   329 | D:1      | Reached XP level 2. HP: 17/19 MP: 2/2
   699 | D:2      | Reached XP level 3. HP: 5/24 MP: 3/3
   703 | D:2      | Reached skill level 4 in Fighting
  1191 | D:2      | Reached XP level 4. HP: 29/29 MP: 4/4
  1548 | D:2      | Found a glowing silver altar of Zin.
  1926 | D:2      | Reached ** piety under Trog
  1983 | D:3      | Reached XP level 5. HP: 9/33 MP: 5/5
  1989 | D:3      | HP: 2/49 [orc wizard/dagger (2)]
  1992 | D:3      | Killed from afar by an orc wizard

Skill      XL: |  1  2  3 |
---------------+----------+-----
Axes           | 3 |  3.9
Fighting       | 4 |  4.2
Dodging        | 2 |  2.3
Armour         | |  2.4
Stealth        | |  0.1

Action                   |  1- 3 |  4- 6 || total
-------------------------+-------+-------++-------
Melee: Hand axe          |    68 |    90 ||   158
Invok: Berserk           |     1 |     1 ||     2
  Eat: Chunk             |     2 |     2 ||     4
Armor: Animal skin       |    25 |    62 ||    87
Dodge: Dodged            |    55 |    85 ||   140
